[ AOE2 MATCH · #485746469 ]
UnrankedByzantines vs Khmer
Rival team · LOSS
[ REPLAY ANALYSIS · EXTRACTED FROM THE RECORDED GAME ]
Feudal
—
Castle
—
Imperial
—
| APM avg | 109.2 |
| APM peak | 139 |
| eAPM avg | 62.0 |
| Villagers / military | 77 / 19 |
Focus
⚔️ 69.8% · 🌾 30.2%
Knight ×10 · Scout Cavalry ×7 · Mangonel ×2
Feudal
9:40
Castle
20:04
Imperial
—
| APM avg | 41.0 |
| APM peak | 79 |
| eAPM avg | 21.3 |
| Villagers / military | 58 / 10 |
Focus
⚔️ 50.2% · 🌾 49.8%
Scorpion ×8 · Spearman ×2
Match map
Initial resources + every placement click. Lines = walls · curves = elevation contours. ◆ gold · ⬟ stone · ● berries · ✦ relic · ◌ wall gap
Your base· Open — unwalled flank
Thorgal's base· Open — unwalled flank
Smoothed initial terrain · ◌ = detected wall gap · hover for details
Inputs per minute
— Saturno 1343 - - Thorgal
Build order — Saturno 1343
First 150 of 156 actions detected
| 0:00 | Queue | Villager (Male) |
| 0:01 | Queue | Villager (Male) |
| 0:02 | Build | House |
| 0:03 | Build | House |
| 0:07 | Queue | Villager (Male) |
| 0:11 | Queue | Villager (Male) |
| 0:11 | Queue | Villager (Male) |
| 1:18 | Queue | Villager (Male) |
| 1:43 | Queue | Villager (Male) |
| 1:55 | Build | Lumber Camp |
| 2:17 | Queue | Villager (Male) |
| 2:17 | Queue | Villager (Male) |
| 2:37 | Queue | Villager (Male) |
| 2:55 | Queue | Villager (Male) |
| 2:56 | Queue | Villager (Male) |
| 3:25 | Build | House |
| 3:33 | Queue | Villager (Male) |
| 3:41 | Queue | Villager (Male) |
| 3:41 | Queue | Villager (Male) |
| 3:54 | Queue | Villager (Male) |
| 3:54 | Queue | Villager (Male) |
| 4:22 | Queue | Villager (Male) |
| 4:46 | Queue | Villager (Male) |
| 5:43 | Build | Mill |
| 5:50 | Research | Loom |
| 6:44 | Research | Feudal Age |
| 6:44 | Research | Feudal Age |
| 7:05 | Queue | Villager (Male) |
| 8:18 | Build | House |
| 8:30 | Build | Palisade Wall |
| 8:39 | Build | Palisade Wall |
| 8:41 | Build | Palisade Wall |
| 8:46 | Queue | Villager (Male) |
| 8:50 | Queue | Villager (Male) |
| 8:54 | Queue | Villager (Male) |
| 9:01 | Queue | Villager (Male) |
| 9:04 | Queue | Villager (Male) |
| 9:06 | Build | Barracks |
| 9:11 | Build | Palisade Wall |
| 9:18 | Research | Double-Bit Axe |
| 9:23 | Build | House |
| 9:25 | Queue | Villager (Male) |
| 9:32 | Build | House |
| 9:33 | Build | Palisade Wall |
| 9:35 | Queue | Villager (Male) |
| 9:46 | Queue | Villager (Male) |
| 9:50 | Queue | Villager (Male) |
| 9:53 | Queue | Villager (Male) |
| 9:56 | Queue | Villager (Male) |
| 9:58 | Build | Mill |
| 10:24 | Queue | Villager (Male) |
| 10:39 | Queue | Villager (Male) |
| 10:41 | Queue | Villager (Male) |
| 10:47 | Queue | Villager (Male) |
| 10:53 | Queue | Villager (Male) |
| 10:54 | Queue | Villager (Male) |
| 11:04 | Queue | Villager (Male) |
| 11:19 | Queue | Villager (Male) |
| 11:50 | Queue | Villager (Male) |
| 11:57 | Queue | Villager (Male) |
| 11:59 | Build | Farm |
| 11:59 | Build | Farm |
| 12:00 | Build | Farm |
| 12:05 | Queue | Villager (Male) |
| 12:19 | Build | Farm |
| 12:21 | Build | Stable |
| 12:25 | Queue | Villager (Male) |
| 12:26 | Build | Farm |
| 12:29 | Build | Farm |
| 12:36 | Queue | Villager (Male) |
| 12:56 | Queue | Villager (Male) |
| 13:14 | Queue | Scout Cavalry |
| 13:15 | Queue | Villager (Male) |
| 13:20 | Build | Farm |
| 13:22 | Build | Farm |
| 13:25 | Build | Farm |
| 13:35 | Queue | Villager (Male) |
| 13:38 | Build | Mill |
| 13:48 | Build | Farm |
| 13:53 | Queue | Villager (Male) |
| 13:58 | Build | Farm |
| 14:12 | Build | Farm |
| 14:15 | Build | Farm |
| 14:21 | Queue | Scout Cavalry |
| 14:35 | Build | Farm |
| 14:50 | Queue | Villager (Male) |
| 14:52 | Build | Farm |
| 14:58 | Queue | Villager (Male) |
| 15:12 | Build | House |
| 15:15 | Research | Wheelbarrow |
| 15:20 | Queue | Scout Cavalry |
| 15:22 | Queue | Villager (Male) |
| 15:23 | Research | Horse Collar |
| 15:25 | Build | House |
| 15:35 | Queue | Villager (Male) |
| 15:43 | Queue | Villager (Male) |
| 15:50 | Build | Farm |
| 15:51 | Build | Farm |
| 15:55 | Queue | Villager (Male) |
| 16:03 | Queue | Villager (Male) |
| 16:18 | Queue | Scout Cavalry |
| 16:22 | Queue | Villager (Male) |
| 16:27 | Queue | Scout Cavalry |
| 16:28 | Queue | Villager (Male) |
| 16:32 | Queue | Villager (Male) |
| 16:38 | Queue | Villager (Male) |
| 16:52 | Queue | Villager (Male) |
| 17:04 | Build | Mining Camp |
| 17:11 | Queue | Villager (Male) |
| 17:14 | Queue | Villager (Male) |
| 17:16 | Queue | Villager (Male) |
| 17:19 | Queue | Villager (Male) |
| 17:29 | Queue | Villager (Male) |
| 17:30 | Build | Mill |
| 17:42 | Queue | Villager (Male) |
| 17:54 | Queue | Villager (Male) |
| 18:03 | Queue | Villager (Male) |
| 18:05 | Build | Market |
| 18:23 | Queue | Villager (Male) |
| 18:55 | Research | Castle Age |
| 19:23 | Research | Gold Mining |
| 19:33 | Build | Blacksmith |
| 19:37 | Queue | Villager (Male) |
| 20:16 | Build | House |
| 20:27 | Build | Stable |
| 20:35 | Build | House |
| 20:47 | Research | Scale Barding Armor |
| 21:08 | Queue | Scout Cavalry |
| 21:08 | Queue | Scout Cavalry |
| 21:38 | Queue | Knight |
| 21:38 | Queue | Knight |
| 21:39 | Research | Chain Barding Armor |
| 21:45 | Queue | Knight |
| 21:59 | Queue | Knight |
| 22:00 | Queue | Knight |
| 22:23 | Queue | Knight |
| 22:25 | Queue | Villager (Male) |
| 22:26 | Build | Farm |
| 22:27 | Build | Farm |
| 22:29 | Research | Bow Saw |
| 22:31 | Queue | Villager (Male) |
| 22:31 | Queue | Villager (Male) |
| 22:33 | Queue | Knight |
| 22:33 | Queue | Knight |
| 22:34 | Queue | Villager (Male) |
| 22:41 | Queue | Villager (Male) |
| 22:50 | Queue | Villager (Male) |
| 23:02 | Build | Siege Workshop |
| 23:16 | Research | Husbandry |
| 23:16 | Research | Husbandry |
Build order — Thorgal
134 actions detected in the replay
| 0:00 | Queue | Villager (Male) |
| 0:01 | Queue | Villager (Male) |
| 0:02 | Build | House |
| 0:04 | Build | House |
| 0:04 | Queue | Villager (Male) |
| 0:04 | Queue | Villager (Male) |
| 1:36 | Queue | Villager (Male) |
| 1:36 | Queue | Villager (Male) |
| 1:42 | Build | House |
| 1:43 | Build | House |
| 2:06 | Queue | Villager (Male) |
| 2:06 | Queue | Villager (Male) |
| 2:45 | Queue | Villager (Male) |
| 2:45 | Queue | Villager (Male) |
| 2:56 | Queue | Villager (Male) |
| 2:59 | Build | Mill |
| 3:29 | Queue | Villager (Male) |
| 3:29 | Queue | Villager (Male) |
| 3:56 | Queue | Villager (Male) |
| 3:56 | Queue | Villager (Male) |
| 4:08 | Queue | Villager (Male) |
| 4:08 | Queue | Villager (Male) |
| 4:23 | Queue | Villager (Male) |
| 4:23 | Queue | Villager (Male) |
| 5:01 | Queue | Villager (Male) |
| 5:01 | Queue | Villager (Male) |
| 5:08 | Queue | Villager (Male) |
| 5:08 | Queue | Villager (Male) |
| 5:22 | Build | Lumber Camp |
| 5:29 | Queue | Villager (Male) |
| 5:29 | Queue | Villager (Male) |
| 5:36 | Queue | Villager (Male) |
| 5:36 | Queue | Villager (Male) |
| 5:42 | Queue | Villager (Male) |
| 5:42 | Queue | Villager (Male) |
| 6:45 | Research | Loom |
| 7:30 | Research | Feudal Age |
| 7:54 | Queue | Villager (Male) |
| 7:58 | Build | Mill |
| 9:03 | Queue | Villager (Male) |
| 9:09 | Build | House |
| 9:35 | Build | House |
| 9:40 | Age | Feudal Age |
| 9:45 | Build | Watch Tower |
| 9:56 | Research | Town Watch |
| 9:57 | Research | Wheelbarrow |
| 10:05 | Build | House |
| 10:21 | Queue | Villager (Male) |
| 10:26 | Research | Double-Bit Axe |
| 10:26 | Research | Horse Collar |
| 10:57 | Queue | Villager (Male) |
| 11:42 | Queue | Villager (Male) |
| 11:57 | Build | Palisade Wall |
| 12:01 | Build | House |
| 12:06 | Build | Palisade Wall |
| 12:08 | Build | Palisade Wall |
| 12:09 | Build | Palisade Wall |
| 12:11 | Build | Palisade Wall |
| 12:14 | Build | Watch Tower |
| 12:21 | Queue | Villager (Male) |
| 12:25 | Build | Farm |
| 12:27 | Build | Farm |
| 12:28 | Build | Farm |
| 12:29 | Build | Farm |
| 12:42 | Build | Farm |
| 12:42 | Queue | Villager (Male) |
| 13:00 | Build | Mill |
| 13:04 | Build | Palisade Wall |
| 13:06 | Build | Palisade Wall |
| 13:13 | Build | Farm |
| 13:20 | Build | Farm |
| 13:20 | Queue | Villager (Male) |
| 13:39 | Queue | Villager (Male) |
| 13:58 | Build | Mining Camp |
| 14:11 | Queue | Villager (Male) |
| 14:24 | Build | Farm |
| 14:30 | Queue | Villager (Male) |
| 14:37 | Build | House |
| 14:40 | Build | Palisade Wall |
| 14:45 | Build | Farm |
| 15:27 | Build | Farm |
| 15:44 | Queue | Villager (Male) |
| 15:49 | Queue | Villager (Male) |
| 16:17 | Build | Farm |
| 16:18 | Build | Farm |
| 16:19 | Queue | Villager (Male) |
| 16:54 | Queue | Villager (Male) |
| 17:19 | Research | Castle Age |
| 17:51 | Build | House |
| 18:00 | Build | Barracks |
| 18:04 | Build | Palisade Wall |
| 18:09 | Build | Palisade Wall |
| 18:10 | Build | Palisade Wall |
| 18:19 | Research | Gold Mining |
| 18:25 | Queue | Spearman |
| 18:51 | Queue | Villager (Male) |
| 19:03 | Queue | Spearman |
| 19:45 | Build | Lumber Camp |
| 20:03 | Queue | Villager (Male) |
| 20:04 | Age | Castle Age |
| 20:11 | Build | Siege Workshop |
| 20:17 | Build | Siege Workshop |
| 20:29 | Queue | Villager (Male) |
| 20:29 | Queue | Villager (Male) |
| 20:49 | Build | House |
| 20:54 | Queue | Scorpion |
| 20:55 | Queue | Scorpion |
| 20:55 | Queue | Villager (Male) |
| 20:55 | Queue | Villager (Male) |
| 21:00 | Queue | Scorpion |
| 21:00 | Queue | Scorpion |
| 21:02 | Queue | Villager (Male) |
| 21:09 | Queue | Villager (Male) |
| 21:18 | Queue | Villager (Male) |
| 21:35 | Build | University |
| 21:43 | Queue | Scorpion |
| 21:44 | Queue | Scorpion |
| 21:44 | Queue | Villager (Male) |
| 22:43 | Build | Monastery |
| 22:51 | Queue | Villager (Male) |
| 22:51 | Queue | Villager (Male) |
| 23:13 | Queue | Scorpion |
| 23:13 | Queue | Scorpion |
| 23:14 | Queue | Villager (Male) |
| 23:15 | Queue | Villager (Male) |
| 23:22 | Build | Market |
| 23:26 | Build | House |
| 23:28 | Build | Palisade Wall |
| 23:31 | Build | House |
| 23:55 | Build | House |
| 23:57 | Build | Palisade Wall |
| 23:59 | Build | House |
| 24:01 | Build | Palisade Wall |
| 24:11 | Build | Lumber Camp |
Match timeline
| 8:30 | Saturno 1343 · wall_segment Palisade Wall x1 |
| 8:39 | Saturno 1343 · wall_segment Palisade Wall x1 |
| 8:41 | Saturno 1343 · wall_segment Palisade Wall x1 |
| 9:06 | Saturno 1343 · first_building Barracks |
| 9:11 | Saturno 1343 · wall_segment Palisade Wall x1 |
| 9:33 | Saturno 1343 · wall_segment Palisade Wall x2 |
| 9:40 | Thorgal · age_up feudal |
| 11:57 | Thorgal · wall_segment Palisade Wall x1 |
| 12:06 | Thorgal · wall_segment Palisade Wall x1 |
| 12:08 | Thorgal · wall_segment Palisade Wall x1 |
| 12:09 | Thorgal · wall_segment Palisade Wall x1 |
| 12:11 | Thorgal · wall_segment Palisade Wall x1 |
| 12:21 | Saturno 1343 · first_building Stable |
| 13:04 | Thorgal · wall_segment Palisade Wall x1 |
| 13:06 | Thorgal · wall_segment Palisade Wall x1 |
| 14:40 | Thorgal · wall_segment Palisade Wall x8 |
| 18:00 | Thorgal · first_building Barracks |
| 18:04 | Thorgal · wall_segment Palisade Wall x1 |
| 18:09 | Thorgal · wall_segment Palisade Wall x1 |
| 18:10 | Thorgal · wall_segment Palisade Wall x1 |
| 18:49 | Saturno 1343 · first_market_sell 100 food |
| 20:04 | Thorgal · age_up castle |
| 20:11 | Thorgal · first_building Siege Workshop |
| 22:43 | Thorgal · first_building Monastery |
| 23:02 | Saturno 1343 · first_building Siege Workshop |
| 23:28 | Thorgal · wall_segment Palisade Wall x5 |
| 23:57 | Thorgal · wall_segment Palisade Wall x1 |
| 24:01 | Thorgal · wall_segment Palisade Wall x1 |
| 24:16 | Thorgal · resign |
[ AI ANALYSIS · 1 CREDIT ]
What really happened in this match?
Wolo.gg analyzes every decision: build order, eco, micro, common mistakes by bracket. Personalized analysis on WhatsApp or Discord in 30 seconds.
Civ guide
Byzantines
Perfil
Jugador #24977465